 Dungeon Crawl Stone Soup version 0.26.1-11-gd32895ea62 (webtiles) character file.

Game seed: 8650242469558292148

344 Descartes the Ruffian (level 6, -7/59 HPs)
             Began as a Troll Chaos Knight on June 6, 2021.
             Was a Plaything of Xom.
             Mangled by a hellwing (10 damage)
             ... summoned by Xom
             ... on level 4 of the Dungeon.
             The game lasted 00:04:44 (2494 turns).

Descartes the Ruffian (Troll Chaos Knight)          Turns: 2494, Time: 00:04:44

Health: -7/59      AC:  8    Str: 21    XL:     6   Next: 31%
Magic:  5/5        EV: 10    Int:  8    God:    Xom [.....*]
Gold:   174        SH:  0    Dex: 11    Spells: 5/5 levels left

rFire    . . .     SeeInvis .     - Unarmed
rCold    . . .     Faith    .   (no shield)
rNeg     . . .     Spirit   .   a - +2 robe
rPois    .         Reflect  .   (helmet restricted)
rElec    .         Harm     .   (no cloak)
rCorr    .         Rampage  .   (gloves unavailable)
Will     .....                  (boots unavailable)
Stlth    +.........             (no amulet)
HPRegen  0.59/turn              h - ring of wizardry
MPRegen  0.09/turn              (no ring)

@: lethally poisoned (-7 -> -8)
A: large, unfitting armour, claws 3, regeneration 1, shaggy fur 1, tough skin 3,
MP-powered wands
a: Renounce Religion


You were on level 4 of the Dungeon.
You worshipped Xom.
You were Xom's teddy bear.
You visited 1 branch of the dungeon, and saw 4 of its levels.

You collected 174 gold pieces.

Inventory:

Hand Weapons
 j - a +3 dagger of venom
Missiles
 d - 161 stones (quivered)
 i - 6 javelins
Armour
 a - a +2 robe (worn)
Jewellery
 h - a ring of wizardry (left claw)
 o - an uncursed ring of poison resistance {unknown}
Wands
 t - a wand of disintegration (14)
Scrolls
 b - 5 scrolls of identify {unknown}
 f - a scroll of magic mapping {unknown}
 g - 4 scrolls of teleportation {unknown}
 k - a scroll of fog {unknown}
 q - a scroll of remove curse {unknown}
 r - a scroll of amnesia {unknown}
 s - a scroll of random uselessness {unknown}
Potions
 c - a potion of brilliance {unknown}
 e - a potion of lignification {unknown}
 l - a potion of invisibility {unknown}
 m - a potion of haste {unknown}
 n - 2 potions of cancellation
 p - a potion of might {unknown}


   Skills:
 - Level 2.4 Fighting
 - Level 1.9 Dodging
 + Level 7.2 Unarmed Combat


You had 5 spell levels left.
You didn't know any spells.
Your spell library contained the following spells:

 Spells                   Type           Power        Failure   Level
 Magic Dart               Conj           0%           17%         1
 Blink                    Tloc           N/A          26%         2
 Call Imp                 Summ           0%           26%         2
 Slow                     Hex            0%           26%         2
 Conjure Flame            Conj/Fire      0%           45%         3
 Mephitic Cloud           Conj/Pois/Air  0%           45%         3
 Static Discharge         Conj/Air       0%           45%         3
 Alistair's Intoxication  Tmut/Pois      0%           99%         5
 Blade Hands              Tmut           0%           99%         5
 Lightning Bolt           Conj/Air       0%           99%         5
 Eringya's Noxious Bog    Tmut/Pois      0%           100%        6


Dungeon Overview and Level Annotations

Branches:
Dungeon (4/15)
 Temple: D:4-7

Altars:
Okawaru


Innate Abilities, Weirdness & Mutations

You are too large for most types of armour.
You have claws for hands.
Your natural rate of healing is unusually fast.
You are covered in fur. (AC +1)
You have extremely tough skin. (AC +3)
You expend magic power (3 MP) to strengthen your wands.


Message History

You are too injured to fight recklessly!
You are too injured to fight recklessly!
You are too injured to fight recklessly!
You are too injured to fight recklessly!
You scratch the orc but do no damage. The orc hits you but does no damage.
The orc hits you with a +0 trident.
* * * LOW HITPOINT WARNING * * *
The iron imp completely misses you. The orc barely misses you.
Unknown command.
You completely miss the orc. The hellwing hits you!
* * * LOW HITPOINT WARNING * * *
The hellwing hits you but does no damage.
The orc hits you but does no damage. The orc barely misses you.
The iron imp hits you but does no damage.
The orc hits you from afar with a +0 trident of venom.
* * * LOW HITPOINT WARNING * * *
You are poisoned.
It was a potion of cancellation.
You feel magically purged.
You feel sick. The hellwing hits you!
You die...

...#
#####..##.###.#
...# #.....# #
.#.# #.###.# .#.#
#.# #.#
#..#########.###.#
#....))).........#
#.#############.o#
# .##
#4.##.###.#### .##
#o@o÷...... ..
>.#####
###5###.###.# #.
......# #...# #
##.##### #.###.#
#)### #.##.......
#.# #.# #.#
#.......... #.#
#.# #.# #.[<.# #
#.# #.# #.# ##.#.#
# #.# #.# #.#
#.#.# # #.###.###
#.# #.#.# #


You could see a hellwing (summoned), an iron imp (summoned) and 3 orcs.

Vanquished Creatures
  A scorpion (D:4)
  2 orc wizards (D:4)
  Jessica (D:2)
  Terence (D:2)
  An iguana (D:4)
  A worker ant (D:4)
  A gnoll (D:1)
  5 adders
  2 oozes
  A worm (D:2)
  3 dart slugs
  3 leopard geckos
  4 orcs (D:4)
  4 bats
  3 giant cockroaches
  7 goblins
  7 hobgoblins
  7 kobolds
  3 quokkas (D:3)
  3 frilled lizards
  A quokka skeleton (D:4)
  6 rats
67 creatures vanquished.

Vanquished Creatures (others)
  An orc wizard (D:4)
1 creature vanquished.

Grand Total: 68 creatures vanquished

Notes
Turn   | Place    | Note
-------+----------+-------------------------------------------
     0 | D:1      | Descartes the Troll Chaos Knight began the quest for the
                  | Orb.
     0 | D:1      | Reached XP level 1. HP: 22/22 MP: 0/0
   126 | D:1      | Found an iron altar of Okawaru.
   137 | D:1      | XOM: divination: magic mapping
   139 | D:1      | XOM: silly message
   147 | D:1      | Reached XP level 2. HP: 19/29 MP: 1/1
   240 | D:1      | Reached skill level 4 in Unarmed Combat
   342 | D:1      | XOM: noise
   351 | D:1      | Reached XP level 3. HP: 36/36 MP: 2/2
   380 | D:1      | XOM: divination: detect creatures
   594 | D:1      | XOM: silly message
   652 | D:2      | XOM: divination: magic mapping
   796 | D:2      | Noticed Jessica
   798 | D:2      | Killed Jessica
   799 | D:2      | Reached skill level 5 in Unarmed Combat
   799 | D:2      | Reached XP level 4. HP: 44/44 MP: 3/3
   801 | D:2      | XOM: silly message
   851 | D:2      | Noticed Terence
   857 | D:2      | Killed Terence
   975 | D:2      | You fall into a shaft and drop 1 floor!
   993 | D:3      | XOM: enchant monster (bad)
  1030 | D:2      | XOM: summons 2 hostile demons
  1268 | D:2      | Reached XP level 5. HP: 46/50 MP: 4/4
  1362 | D:2      | You fall into a shaft and drop 1 floor!
  1570 | D:2      | XOM: give mutation
  1570 | D:2      | Gained mutation: You expend magic power (3 MP) to
                  | strengthen your wands. [Xom's mischief]
  1584 | D:2      | XOM: god gift: scroll labelled GOIKUYHESE {god gift}
  1894 | D:3      | Reached skill level 6 in Unarmed Combat
  2174 | D:4      | XOM: stealth player
  2254 | D:4      | XOM: 5-stop teleportation journey
  2275 | D:4      | XOM: god gift: book of Minor Magic
  2281 | D:4      | Reached XP level 6. HP: 51/59 MP: 5/5
  2338 | D:4      | XOM: fog
  2346 | D:4      | Reached skill level 7 in Unarmed Combat
  2346 | D:4      | XOM: divine lightning
  2348 | D:4      | Identified Xom's Volume of the Elephant (Xom gifted it to
                  | you on level 4 of the Dungeon)
  2348 | D:4      | XOM: god gift: Xom's Volume of the Elephant
  2484 | D:4      | XOM is BORED!
  2484 | D:4      | XOM: summons 2 hostile demons
  2485 | D:4      | Noticed a hellwing
  2494 | D:4      | Mangled by a hellwing

Illustrated notes

Levels and vault maps discovered:
D:1:      amcnicky_arrival_abandoned_market, layout_basic,
          okawaru_ov_weapons_minmay
D:2:      layout_loops_corners, hangedman_decor_points, uniq_terence,
          uniq_jessica
D:3:      layout_loops_ring
D:4:      layout_loops_ring, minmay_cut_off

Skill      XL: |  1  2  3  4  5  6 |
---------------+-------------------+-----
Unarmed Combat | 4 5 6 7 |  7.2
Fighting       | |  2.4
Dodging        | |  1.9

Action                   |  1- 3 |  4- 6 || total
-------------------------+-------+-------++-------
Melee: Unarmed           |    70 |   144 ||   214
       Punch             |       |     1 ||     1
  Use: Scroll            |       |     1 ||     1
       Potion            |       |     1 ||     1
 Stab: Sleeping          |       |     1 ||     1
Armor: Robe              |    41 |    55 ||    96
Dodge: Dodged            |    36 |    81 ||   117
